 Dungeon Crawl Stone Soup version 0.26.0-45-g9c1d065592 (webtiles) character file.

Game seed: 11793983346267686262

10864 Araneus the Martial Artist (level 11, -9/83 HPs)
             Began as a Demonspawn Monk on Jan 29, 2021.
             Was a High Priest of Qazlal.
             Mangled by an orc warrior
             ... wielding a +0 glaive
              (13 damage)
             ... in a bailey.
             The game lasted 00:46:23 (16546 turns).

Araneus the Martial Artist (Demonspawn Monk)       Turns: 16546, Time: 00:46:23

Health: -9/83      AC:  9    Str: 15    XL:     11   Next: 41%
Magic:  14/14      EV: 21    Int: 15    God:    Qazlal [*****.]
Gold:   654        SH:  6    Dex: 24    Spells: 8/10 levels left

rFire    . . .     SeeInvis .     - Unarmed
rCold    + . .     Faith    .   (no shield)
rNeg     . . .     Spirit   .   A - +3 leather armour of Hepliaklqana's Delight {Int+3 Dex+3 Stlth+}
rPois    +         Reflect  .   (helmet restricted)
rElec    .         Harm     .   u - +1 cloak
rCorr    .         Rampage  .   (no gloves)
Will     .....                  s - +0 pair of boots
Stlth    +++.......             p - amulet of regeneration
HPRegen  0.63/turn              q - ring of poison resistance
MPRegen  0.14/turn              k - ring of protection from cold

@: agile, flying, repel missiles
A: antennae 2, thin skeletal structure 3, demonic guardian 2, powered by pain 1
a: Renounce Religion, Upheaval, Elemental Force, Disaster Area


You were in a bailey.
You worshipped Qazlal.
Qazlal was extremely pleased with you.
You visited 2 branches of the dungeon, and saw 12 of its levels.
You also visited: Sewer, Ossuary and Bailey.

You collected 764 gold pieces.
You spent 110 gold pieces at shops.

Inventory:

Missiles
 o - 65 poisoned darts (quivered)
Armour
 s - a +0 pair of boots (worn)
 u - a +1 cloak (worn)
 A - the +3 leather armour of Hepliaklqana's Delight (worn) {Int+3 Dex+3 Stlth+}
   (You found it on level 8 of the Dungeon)

   It affects your intelligence (+3).
   It affects your dexterity (+3).
   It makes you more stealthy.
Jewellery
 k - a ring of protection from cold (right hand)
 n - an uncursed ring of positive energy
 p - an amulet of regeneration (around neck)
 q - a ring of poison resistance (left hand)
 B - an uncursed ring of protection from fire {unknown}
Wands
 g - a wand of flame (30)
 r - a wand of polymorph (11)
Scrolls
 a - 3 scrolls of teleportation
 d - 3 scrolls of blinking
 e - 2 scrolls of vulnerability
 f - 6 scrolls of identify
 j - 2 scrolls of fear
 l - 2 scrolls of enchant armour
 t - 11 scrolls of remove curse
 w - 2 scrolls of amnesia
 x - a scroll of summoning
 y - a scroll of fog
 z - a scroll of enchant weapon
Potions
 b - a potion of haste
 h - 2 potions of ambrosia
 i - 4 potions of flight
 m - 3 potions of magic
 v - a potion of brilliance


   Skills:
 * Level 6.9 Fighting
 * Level 2.9 Armour
 + Level 5.0 Dodging
 - Level 1.7 Stealth
 + Level 13.3 Unarmed Combat
 * Level 4.6 Transmutations
 * Level 4.0 Invocations


You had 8 spell levels left.
You knew the following spells:

 Your Spells              Type           Power        Failure   Level
a - Passwall              Tmut/Erth      5%           19%         2

Your spell library contained the following spells:

 Spells                   Type           Power        Failure   Level
 Freeze                   Ice            0%           32%         1
 Sandblast                Erth           0%           32%         1
 Frozen Ramparts          Ice            0%           69%         3
 Ozocubu's Armour         Ice            0%           69%         3
 Stone Arrow              Conj/Erth      0%           69%         3
 Petrify                  Tmut/Erth      7%           77%         4
 Hailstorm                Conj/Ice       0%           97%         4
 Summon Ice Beast         Ice/Summ       0%           97%         4
 Lee's Rapid Deconstruct  Erth           0%           100%        5


Dungeon Overview and Level Annotations

Branches:
Dungeon (11/15)            Temple (1/1) D:6            Lair (0/6) D:11
    Orc (0/2) D:11          Sewer (visited)         Ossuary (visited)
 Bailey (1/1)

Altars:
Ashenzari
Cheibriados
Dithmenos
Elyvilon
Fedhas
Gozag
Hepliaklqana
Kikubaaqudgha
Makhleb
Nemelex Xobeh
Okawaru
Qazlal
Ru
Sif Muna
Trog
Uskayaw
Vehumet
Wu Jian
Xom
Yredelemnul
Zin
The Shining One

Shops:
D:4 !   D:9 *


Innate Abilities, Weirdness & Mutations

You have a pair of antennae on your head.
You have an unnaturally thin skeletal structure. (Dex +6, Stealth++)
A demonic guardian rushes to your aid.
You sometimes gain a little power by taking damage.


Message History

The orc warrior shoots a bolt.
The bolt closely misses you.
You hear a splash.
The orc warrior barely misses you.
You hit the orc warrior.
The orc warrior is severely wounded.
The orc warrior completely misses you.
Okay, then.
You hit the orc warrior.
The orc warrior is severely wounded.
An orc warrior comes into view. It is wielding a +0 arbalest.
The orc warrior shoots a bolt.
The bolt misses you.
You hear a splash.
The orc warrior closely misses you. The orc warrior barely misses you.
You hit the orc warrior.
The orc warrior is severely wounded.
You hit the orc warrior but do no damage.
The orc warrior is severely wounded.
The orc warrior hits you but does no damage.
The orc warrior hits you from afar with a +0 glaive!
You die...

### #########∩## ##
##.....##.∩.# ....
#..≈≈≈..#...#..≈≈≈
..#.≈≈)≈≈).(....≈≈o≈
..'.≈.∩)°o4((.(.≈oo.
..#.≈≈)○☼.§.....≈≈o≈
#..≈≈≈@○#...#..≈≈≈
##..°o.##...##....
#########∩## ####
###


You could see 2 orc warriors and a friendly ice devil (summoned).

Vanquished Creatures
  Harold (D:7)
  An unseen horror (D:10)
  An orc knight (Bailey)
  Pikel (D:4)
  2 gargoyles (D:10)
  Grinder (D:4)
  A meliai zombie (D:10)
  A vampire (D:10)
  A basilisk (D:9)
  A yak (D:9)
  A soldier ant (D:10)
  3 water moccasins
  A black bear (D:10)
  A sky beast (D:7)
  An ice beast (D:9)
  4 ogres
  6 orc warriors
  2 necrophages
  6 centaurs
  A lemure (D:4)
  A wolf (D:8)
  2 big kobolds
  An elf zombie (Ossuary)
  4 bullfrogs
  A wyvern skeleton (D:9)
  3 scorpions
  19 killer bees
  20 wights
  3 howler monkeys (D:7)
  3 bullfrog zombies
  A jelly (D:7)
  2 centaur zombies
  A quasit (D:9)
  A bullfrog skeleton (D:9)
  4 hounds
  Crazy Yiuf (D:6)
  4 orc priests
  3 human zombies (Ossuary)
  3 centaur skeletons
  4 iguanas
  5 orc wizards
  11 worker ants
  2 big kobold zombies (Ossuary)
  4 hound zombies
  4 mummies (Ossuary)
  2 gnolls (D:5)
  2 howler monkey skeletons
  2 river rats (D:3)
  15 adders
  3 shadow imps
  4 white imps
  2 ufetubi
  3 oozes (Sewer)
  An adder skeleton (D:4)
  2 adder zombies
  3 worms
  4 leopard geckos
  18 orcs
  13 giant cockroaches
  4 goblins
  6 hobgoblins
  23 jackals
  8 quokkas
  6 ball pythons
  12 bats
  7 frilled lizards
  A goblin zombie (Ossuary)
  A hobgoblin zombie (Ossuary)
  17 kobolds
  A kobold zombie (Ossuary)
  2 quokka skeletons (D:4)
  A quokka zombie (D:5)
  11 rats
  3 rat zombies (D:9)
321 creatures vanquished.

Vanquished Creatures (collateral kills)
  A troll (D:10)
  A hornet (D:8)
  Prince Ribbit (D:6)
  2 orc warriors
  2 black bears
  An ogre (D:5)
  An eye of draining (D:9)
  A centaur (D:9)
  3 killer bees
  A hound (D:7)
  2 gnolls (D:5)
  A leopard gecko (D:5)
  2 orcs
  2 jackals (D:8)
  An orc zombie (Ossuary)
22 creatures vanquished.

Vanquished Creatures (others)
  2 orc warriors (Bailey)
  An orc wizard (D:4)
  A plant (D:2)
4 creatures vanquished.

Grand Total: 347 creatures vanquished

Notes
Turn   | Place    | Note
-------+----------+-------------------------------------------
     0 | D:1      | Araneus the Demonspawn Monk began the quest for the Orb.
     0 | D:1      | Reached XP level 1. HP: 18/18 MP: 1/1
    65 | D:1      | Reached skill level 3 in Unarmed Combat
   124 | D:1      | Gained mutation: You have a somewhat thin skeletal
                  | structure. (Dex +2, Stealth) [demonic ancestry]
   124 | D:1      | Reached XP level 2. HP: 24/24 MP: 2/2
  1396 | D:2      | Reached XP level 3. HP: 27/29 MP: 3/3
  1585 | D:2      | Reached skill level 4 in Unarmed Combat
  2055 | D:3      | Gained mutation: A weak demonic guardian rushes to your
                  | aid. [demonic ancestry]
  2055 | D:3      | Reached XP level 4. HP: 19/35 MP: 4/4
  2074 | D:3      | Found a glowing drain.
  2104 | Sewer    | Entered a sewer
  2837 | Sewer    | Reached skill level 5 in Unarmed Combat
  3169 | D:3      | Found a basalt altar of Yredelemnul.
  3471 | D:3      | Gained mutation: You sometimes gain a little power by
                  | taking damage. [demonic ancestry]
  3471 | D:3      | Reached XP level 5. HP: 41/41 MP: 5/5
  3541 | D:3      | Found a blossoming altar of Fedhas.
  4683 | D:4      | Reached skill level 6 in Unarmed Combat
  4694 | D:4      | Gained mutation: You have a moderately thin skeletal
                  | structure. (Dex +4, Stealth+) [demonic ancestry]
  4694 | D:4      | Reached XP level 6. HP: 17/47 MP: 6/6
  5048 | D:4      | Noticed Pikel
  5077 | D:4      | Killed Pikel
  5078 | D:4      | Reached skill level 8 in Unarmed Combat
  5078 | D:4      | Gained mutation: You have a pair of small antennae on your
                  | head. [demonic ancestry]
  5078 | D:4      | Reached XP level 7. HP: 52/52 MP: 7/7
  5452 | D:4      | Noticed Grinder
  5472 | D:4      | Killed Grinder
  5473 | D:4      | Reached skill level 9 in Unarmed Combat
  5473 | D:4      | Gained mutation: You have an unnaturally thin skeletal
                  | structure. (Dex +6, Stealth++) [demonic ancestry]
  5473 | D:4      | Reached XP level 8. HP: 39/58 MP: 8/8
  5612 | D:4      | Found Wuupti's Distillery.
  5615 | D:4      | Bought a potion of heal wounds for 55 gold pieces
  5615 | D:4      | Bought a potion of heal wounds for 55 gold pieces
  5804 | D:5      | Entered Level 5 of the Dungeon
  6941 | D:5      | Found a glowing golden altar of the Shining One.
  7238 | D:6      | Found a sacrificial altar of Ru.
  7292 | D:6      | Noticed Prince Ribbit
  7307 | D:6      | Killed Prince Ribbit
  7308 | D:6      | Reached skill level 10 in Unarmed Combat
  7644 | D:6      | Found a staircase to the Ecumenical Temple.
  7673 | Temple   | Entered the Ecumenical Temple
  7723 | Temple   | Became a worshipper of Qazlal Stormbringer
  7723 | Temple   | Reached * piety under Qazlal
  7723 | Temple   | Reached ** piety under Qazlal
  8153 | D:6      | Reached XP level 9. HP: 15/58 MP: 9/9
  8482 | D:6      | Found a runed translucent door.
  8483 | D:6      | Noticed Crazy Yiuf
  8854 | D:6      | Killed Crazy Yiuf
  8929 | D:7      | Noticed Harold
  9026 | D:7      | Found a sand-covered staircase.
  9031 | Ossuary  | Entered an ossuary
  9414 | Ossuary  | Learned a level 2 spell: Passwall
  9991 | D:7      | Reached skill level 1 in Transmutations
 10300 | D:7      | Reached skill level 11 in Unarmed Combat
 10337 | D:7      | Reached skill level 5 in Fighting
 10405 | D:7      | Killed Harold
 10405 | D:7      | Reached *** piety under Qazlal
 11134 | D:7      | Found a broken altar of Ashenzari.
 11142 | D:7      | Found an ornate altar of the Wu Jian Council.
 11143 | D:7      | Found a shadowy altar of Dithmenos.
 11143 | D:7      | Found a shimmering altar of Xom.
 11143 | D:7      | Found a hazy altar of Hepliaklqana.
 11144 | D:7      | Found a snail-covered altar of Cheibriados.
 11147 | D:7      | Found a sparkling altar of Nemelex Xobeh.
 11468 | D:8      | Found an iron altar of Okawaru.
 11511 | D:8      | Got a polished leather armour
 11535 | D:8      | Identified the +3 leather armour of Hepliaklqana's Delight
                  | {Int+3 Dex+3 Stlth+} (You found it on level 8 of the
                  | Dungeon)
 11674 | D:8      | Gained mutation: A demonic guardian rushes to your aid.
                  | [demonic ancestry]
 11674 | D:8      | Reached XP level 10. HP: 74/74 MP: 10/10
 12050 | D:8      | Reached skill level 12 in Unarmed Combat
 12419 | D:8      | Found a shadowy altar of Dithmenos.
 13437 | D:9      | Reached **** piety under Qazlal
 14057 | D:9      | Reached skill level 1 in Invocations
 14060 | D:9      | Reached skill level 1 in Armour
 14412 | D:9      | Found Zin's Purification Station.
 14415 | D:9      | Found a glowing silver altar of Zin.
 14491 | D:9      | Found an ancient bone altar of Kikubaaqudgha.
 14579 | D:10     | Entered Level 10 of the Dungeon
 14601 | D:10     | Found a bloodstained altar of Trog.
 14664 | D:10     | Reached ***** piety under Qazlal
 14821 | D:10     | Noticed a gargoyle
 15166 | D:10     | Killed a gargoyle
 15175 | D:10     | Reached skill level 13 in Unarmed Combat
 15175 | D:10     | Gained mutation: You have a pair of antennae on your head.
                  | [demonic ancestry]
 15175 | D:10     | Reached XP level 11. HP: 52/83 MP: 11/13
 15626 | D:10     | Killed an unseen horror
 16502 | D:11     | Found a flagged portal.
 16511 | Bailey   | Entered a bailey
 16511 | Bailey   | Noticed an orc knight
 16513 | Bailey   | Noticed an orc knight
 16524 | Bailey   | Killed an orc knight
 16525 | Bailey   | Reached skill level 5 in Dodging
 16541 | Bailey   | HP: 2/83 [orc warrior/+0 glaive (21)]
 16546 | Bailey   | Mangled by an orc warrior

Illustrated notes

Levels and vault maps discovered:
D:1:      matt_arrival_refuge, layout_loops_ring, minmay_unequal
D:2:      layout_basic, serial_forest, infiniplex_forest_clump_small,
          infiniplex_forest_3_way, infiniplex_forest_straight_2,
          infiniplex_forest_clump_double, infiniplex_forest_clump_small,
          infiniplex_forest_end_2, infiniplex_forest_lined_2,
          infiniplex_forest_zigzag_2
D:3:      layout_basic, lemuel_coloured_pillars_altar,
          yredelemnul_altar_generic, portal_sewer_entry_e, serial_rivers,
          chequers_serial_rivers_small_b, chequers_serial_rivers_micro_d,
          chequers_serial_rivers_small_a, chequers_serial_rivers_large_a,
          chequers_serial_rivers_small_a, grunt_ministairs_8,
          lemuel_another_geyser
D:4:      layout_basic, serial_shops, kennysheep_mini, uniq_pikel, uniq_grinder
D:5:      layout_cave_pools, old_standard_altar,
          minmay_fractal_squares_diagonal_5
D:6:      layout_loops_ring, minmay_temple_entry_trees, nicolae_ru_awakened_eye,
          uniq_crazy_yiuf_cottage, uniq_prince_ribbit1
D:7:      layout_layer_cave, minitemple, nicolae_ossuary_entry_false_entrances,
          minmay_crossroads, uniq_harold
D:8:      layout_basic, old_standard_altar, serial_corexii_hall,
          corexii_hall_statues_deadend, corexii_hall_statues_t,
          grunt_ministairs_14, grunt_dithmenos_smoke_and_mirrors
D:9:      layout_roguey, lemuel_zombie_altar_kikubaaqudgha, zin_purify,
          minmay_door_square, columned_hall_lemuel, minmay_bent
D:10:     layout_layer_cave, basic_altar, minmay_misc_feat_roman
D:11:     layout_roguey, david_lair_generic, hiddenorc1_lemuel, enter_bailey_2,
          serial_shops, shop_scrolls, kennysheep_donut
Temple:   compressed_dpeg_triangle_lava_temple
Bailey:   bailey_polearm_4, bailey

Skill      XL: |  1  2  3  4  5  6  7  8  9 10 11 |
---------------+----------------------------------+-----
Unarmed Combat | 3 4 5 6 8 9 10 11 13 | 13.3
Dodging        | 4 5 |  5.0
Fighting       | 4 5 6 |  6.9
Transmutations | 2 4 |  4.6
Invocations    | 2 4 |  4.0
Armour         | 2 |  2.9
Stealth        | |  1.7

Action                   |  1- 3 |  4- 6 |  7- 9 | 10-12 || total
-------------------------+-------+-------+-------+-------++-------
Melee: Unarmed           |   168 |   271 |   399 |   461 ||  1299
       Punch             |     7 |     1 |    23 |    35 ||    66
Throw: Dart              |       |       |     6 |       ||     6
Evoke: Wand              |       |       |     1 |     1 ||     2
  Use: Scroll            |    10 |     9 |    10 |     3 ||    32
       Potion            |       |     5 |     9 |     7 ||    21
 Stab: Sleeping          |    10 |     4 |     8 |       ||    22
       Invisible         |       |     3 |       |       ||     3
       Distracted        |       |       |     4 |     3 ||     7
Armor: Robe              |    22 |       |       |       ||    22
       Leather armour    |    14 |    69 |    48 |    77 ||   208
       Skin              |       |     8 |     4 |       ||    12
Dodge: Dodged            |   100 |   162 |   236 |   312 ||   810
       Repelled          |       |       |       |     1 ||     1
Block: Other             |       |       |    16 |   112 ||   128
